Map: Oxide LE

Players

Namshar - Winner!

  • Race: Zerg Zerg
  • League: Grandmaster
  • Spawn Location: 1:00

PiLiPiLi

  • Race: Protoss Protoss
  • League: Grandmaster
  • Spawn Location: 7:00

Event: DreamHack SC2 Masters 2020 Winter

VOD

Have the link to the VOD?

Description

Time

  • Played on: Nov. 5, 2020, 5:29 p.m.
  • Length: 19:10

All games in this series

Show
View Real Time Build Order
Export as new Build Order

Namshar Zerg - Winner!

Build Orders: Hatch First, Roach Hydra 

Get SALT Encoding   

  12  0:00  Drone  
  13  0:12  Overlord  
  13  0:16  Drone  
  14  0:30  Drone x2  
  16  0:47  Hatchery  
  15  0:52  Drone  
  15  0:55  Drone  
  17  0:57  Drone  
  18  1:09  Extractor  
  17  1:13  Spawning Pool  
  17  1:16  Drone  
  17  1:19  Drone  
  18  1:28  Drone  
  19  1:38  Drone  
  20  1:49  Drone  
  21  1:59  Queen  
  21  2:00  Queen  
  21  2:01  Zergling x2, Overlord  
  26  2:13  Drone x2  
  28  2:21  Drone x2  
  30  2:35  Queen, Overlord  
  30  2:36  Lair  
  32  2:41  Drone  
  32  2:43  Drone  
  34  2:48  Drone  
  35  2:52  Roach Warren  
  35  2:54  Overlord  
  35  2:56  Drone  
  35  3:09  Drone  
  35  3:11  Overlord  
  39  3:12  Drone x3  
  39  3:13  Drone x2  
  39  3:15  Drone  
  42  3:27  Overlord  
  42  3:28  Extractor  
  42  3:31  Drone x2  
  42  3:32  Drone  
  42  3:34  Glial Reconstitution  
  45  3:41  Drone x2  
  45  3:45  Hatchery  
  45  3:47  Roach  
  47  3:51  Roach  
  49  3:56  Roach x2  
  49  3:59  Overlord  
  49  4:02  Spore Crawler  
  52  4:03  Drone  
  52  4:05  Roach  
  52  4:08  Roach  
  57  4:11  Overlord  
  57  4:15  Roach  
  60  4:18  Overlord  
  60  4:19  Roach x2  
  60  4:22  Roach  
  66  4:26  Roach  
  68  4:31  Overlord  
  68  4:33  Roach x2  
  72  4:43  Roach x4  
  80  4:58  Drone x2  
  81  5:02  Drone  
  81  5:03  Drone  
  81  5:04  Extractor  
  82  5:10  Drone x6  
  88  5:31  Drone x8  
  95  5:44  Overlord x2  
  95  5:45  Extractor  
  95  5:46  Drone x2, Extractor  
  95  5:49  Evolution Chamber, Drone, Hydralisk Den  
  94  6:00  Drone x2  
  94  6:04  Drone  
  94  6:05  Drone x6  
  94  6:08  Overlord  
  99  6:14  Roach x4, Ravager  
  99  6:15  Ravager x2  
  111  6:20  Roach  
  111  6:23  Overseer  
  111  6:25  Overlord x3  
  113  6:28  Zerg Missile Weapons Level 1  
  112  6:33  Hydralisk Den  
  112  6:36  Metabolic Boost  
  111  6:41  Overlord  
  111  6:45  Drone x4  
  111  6:46  Drone, Hatchery  
  111  6:47  Drone  
  116  6:48  Drone x4  
  116  6:49  Overlord  
  116  6:51  Extractor  
  119  6:55  Queen, Ravager x3  
  122  7:15  Grooved Spines  
  122  7:17  Infestation Pit  
  121  7:30  Queen, Overlord x2  
  121  7:31  Drone  
  124  7:41  Overlord x3  
  124  7:42  Hydralisk x8  
  140  7:54  Overlord  
  140  7:55  Hydralisk x5  
  150  8:10  Drone  
  150  8:11  Drone  
  150  8:12  Drone  
  150  8:20  Overlord  
  150  8:21  Hive  
  150  8:24  Zerg Missile Weapons Level 2, Drone  
  150  8:26  Muscular Augments, Lurker Den  
  150  8:27  Drone x7  
  152  8:30  Queen  
  152  8:31  Queen  
  163  8:36  Drone  
  163  8:39  Extractor x2  
  162  8:41  Drone  
  162  8:42  Drone  
  162  8:45  Hydralisk  
  172  8:52  Ravager x2  
  169  9:06  Hydralisk  
  169  9:07  Hydralisk x3  
  171  9:17  Hatchery  
  170  9:18  Hydralisk x5  
  177  9:27  Ravager x2  
  177  9:32  Ravager x2  
  177  9:33  Roach x5  
  189  9:42  Roach x3  
  187  9:59  Roach  
  184  10:00  Roach x11  
  188  10:09  Extractor  
  188  10:10  Extractor  
  188  10:12  Roach x3  
  182  10:23  Viper  
  181  10:32  Roach x7  
  182  10:38  Zergling x10, Roach  
  187  10:49  Hydralisk x2  
  185  10:56  Viper  
  186  11:05  Hydralisk x6  
  193  11:23  Ravager x2  
  193  11:24  Ravager x2  
  197  11:27  Overseer  
  197  11:30  Hydralisk  
  178  11:49  Viper x2  
  180  11:58  Hydralisk  
  180  11:59  Roach x9, Zergling x6  
  190  12:11  Ravager x2  
  178  12:31  Hydralisk x7  
  192  12:39  Hydralisk x4  
  192  12:42  Hatchery  
  194  12:50  Hydralisk  
  194  12:51  Hydralisk x4  
  187  12:55  Hydralisk  
  187  12:56  Zergling x16  
  174  13:03  Hydralisk  
  174  13:04  Hydralisk  
  174  13:05  Zergling x4  
  143  13:08  Hydralisk x2  
  133  13:17  Hydralisk  
  133  13:18  Hydralisk x2  
  109  13:23  Zergling x2, Hydralisk  
  109  13:24  Zergling x6  
  110  13:28  Hydralisk  
  109  13:35  Hydralisk  
  109  13:36  Zergling x8  
  106  13:42  Hydralisk  
  106  13:43  Queen x2  
  106  13:45  Hydralisk x2  
  110  14:01  Hydralisk x3  
  112  14:06  Drone x8, Queen  
  121  14:17  Hydralisk x5  
  131  14:30  Lurker  
  132  14:31  Lurker  
  133  14:43  Viper  
  133  14:45  Roach x3  
  142  14:49  Extractor  
  142  14:52  Hatchery  
  140  14:55  Seismic Spines  
  140  15:01  Hydralisk  
  140  15:02  Hydralisk x2  
  146  15:08  Drone x7  
  146  15:13  Hydralisk x2  
  151  15:18  Ravager x2  
  151  15:27  Extractor  
  149  15:31  Extractor  
  149  15:34  Hatchery  
  147  15:43  Zerg Missile Weapons Level 3  
  147  15:48  Viper  
  150  16:00  Lurker  
  150  16:01  Lurker  
  152  16:07  Overseer  
  152  16:10  Lurker  
  153  16:12  Lurker  
  154  16:21  Adaptive Talons  
  154  16:26  Lurker  
  155  16:34  Hydralisk x3  
  155  16:37  Drone x2  
  155  16:38  Drone  
  155  16:39  Roach x4  
  170  16:50  Queen x2  
  174  16:54  Drone  
  174  16:55  Drone x3  
  174  16:56  Drone  
  174  16:58  Drone  
  163  17:21  Viper x2  
  160  17:24  Drone  
  160  17:25  Drone x6  
  160  17:27  Drone x4  
  160  17:28  Drone x2  
  173  17:31  Lurker x3  
  173  17:32  Lurker  
  177  17:38  Queen  
  177  17:45  Hydralisk x2  
  177  17:48  Overseer  
  177  17:49  Overseer  
  177  17:51  Pneumatized Carapace  
  181  18:05  Drone x10  
  173  18:16  Hydralisk  
  173  18:17  Hydralisk x2  
  172  18:27  Lurker  
  172  18:28  Lurker x4  
  175  18:46  Hydralisk x6  
Show
View Real Time Build Order
Export as new Build Order

PiLiPiLi Protoss 

Build Orders: 1 Gate Expand 

Get SALT Encoding   

  12  0:00  Probe  
  13  0:12  Probe  
  14  0:19  Pylon  
  14  0:24  Probe  
  14  0:27  Assimilator  
  15  0:37  Probe (Chrono Boost)  
  16  0:45  Gateway  
  16  0:49  Probe (Chrono Boost)  
  17  0:54  Probe (Chrono Boost)  
  18  1:04  Probe  
  19  1:16  Probe  
  20  1:23  Nexus  
  20  1:32  Cybernetics Core  
  20  1:35  Probe  
  21  1:43  Assimilator  
  21  1:47  Probe  
  21  1:50  Pylon  
  22  1:59  Probe  
  23  2:06  Stalker (Chrono Boost)  
  23  2:10  Warp Gate  
  23  2:11  Probe  
  26  2:23  Probe  
  26  2:27  Twilight Council, Adept (Chrono Boost)  
  27  2:35  Probe x2  
  31  2:47  Probe  
  31  2:48  Robotics Facility  
  32  2:52  Probe  
  32  2:57  Gateway  
  33  3:03  Resonating Glaives (Chrono Boost)  
  33  3:05  Gateway  
  33  3:13  Probe  
  33  3:19  Gateway  
  34  3:23  Gateway  
  34  3:28  Probe  
  34  3:33  Warp Prism (Chrono Boost)  
  35  3:41  Probe x2  
  39  3:46  Pylon  
  39  3:54  Probe  
  40  3:58  Adept x2  
  40  4:00  Adept  
  46  4:03  Pylon  
  46  4:14  Shield Battery  
  46  4:21  Adept x4  
  54  4:25  Adept  
  56  4:37  Probe x2  
  58  4:39  Assimilator  
  58  4:41  Assimilator  
  58  4:44  Robotics Bay  
  58  4:59  Immortal (Chrono Boost)  
  54  5:00  Probe x2  
  60  5:09  Pylon  
  60  5:12  Probe x2  
  62  5:24  Probe  
  62  5:27  Probe  
  60  5:33  Disruptor (Chrono Boost)  
  58  5:36  Probe  
  58  5:37  Gravitic Drive  
  58  5:39  Probe  
  58  5:41  Adept x3  
  69  5:44  Pylon  
  69  5:45  Pylon  
  69  5:48  Probe  
  70  6:01  Disruptor (Chrono Boost)  
  70  6:02  Probe x2  
  69  6:13  Stalker x3  
  69  6:14  Stalker  
  69  6:15  Sentry  
  79  6:24  Nexus  
  79  6:25  Pylon  
  79  6:31  Probe x2  
  81  6:36  Pylon  
  81  6:41  Observer (Chrono Boost)  
  81  6:46  Probe  
  83  6:47  Probe  
  83  6:49  Sentry  
  83  6:50  Zealot x2  
  90  6:57  Colossus (Chrono Boost)  
  90  6:58  Probe  
  97  7:18  Probe x2  
  99  7:30  Stalker  
  99  7:31  Gateway  
  99  7:33  Gateway  
  99  7:36  Sentry x2  
  105  7:37  Gateway, Sentry x2  
  105  7:39  Gateway  
  105  7:41  Probe x2  
  105  7:42  Probe  
  105  7:43  Assimilator  
  112  7:48  Assimilator  
  112  7:53  Probe  
  112  7:54  Probe  
  112  7:57  Pylon  
  114  7:59  Shield Battery  
  114  8:00  Pylon  
  114  8:11  Stalker  
  114  8:12  Colossus (Chrono Boost)  
  116  8:14  Pylon  
  122  8:20  Stalker x4  
  122  8:24  Pylon  
  130  8:27  Probe x3  
  130  8:33  Stalker  
  130  8:34  Stalker x2  
  137  8:35  Stalker  
  141  8:45  Pylon  
  141  8:46  Pylon  
  141  8:52  Stalker  
  141  8:53  Stalker x3  
  149  9:03  Stalker x2  
  149  9:05  Stalker x2  
  157  9:10  Stalker  
  159  9:21  Stalker  
  159  9:22  Stalker x2  
  163  9:33  Pylon  
  163  9:34  Pylon  
  163  9:35  Forge  
  163  9:37  Twilight Council  
  161  9:57  Stalker x9  
  148  10:24  Stalker x6  
  148  10:25  Stalker x2  
  148  10:27  Stalker  
  164  10:29  Protoss Ground Weapons Level 1 (Chrono Boost)  
  154  10:36  Disruptor  
  154  10:42  Blink (Chrono Boost)  
  153  10:49  Stalker  
  151  10:50  Stalker x2  
  151  10:51  Stalker x3  
  161  11:07  Stalker x2  
  161  11:08  Stalker  
  167  11:16  Stalker x2  
  167  11:36  Stalker x6  
  162  12:01  Stalker x2  
  155  12:02  Stalker x3  
  155  12:04  Stalker  
  155  12:05  Stalker x3  
  171  12:15  Charge (Chrono Boost)  
  171  12:16  Pylon  
  171  12:27  Stalker x5  
  171  12:28  Stalker  
  177  12:31  Stalker  
  179  12:44  Stalker x2  
  175  12:58  Stalker x6  
  147  13:05  Stalker  
  107  13:23  Stalker x3  
  106  13:28  Stalker x5  
  112  13:48  Stalker x4  
  112  14:02  Colossus (Chrono Boost)  
  104  14:18  Extended Thermal Lance (Chrono Boost), Sentry x6  
  116  14:29  Nexus  
  116  14:30  Pylon  
  116  14:39  Colossus (Chrono Boost)  
  122  14:46  Stalker x3  
  128  14:55  Stalker x2  
  131  15:07  Stalker x2  
  133  15:34  Observer (Chrono Boost)  
  133  15:35  Stalker x5  
  120  15:42  Sentry x2  
  130  15:44  Sentry  
  134  15:50  Disruptor (Chrono Boost)  
  137  15:58  Stalker  
  137  16:00  Assimilator  
  137  16:02  Stalker  
  141  16:11  Assimilator  
  141  16:14  Photon Cannon  
  141  16:16  Shield Battery  
  141  16:17  Colossus (Chrono Boost)  
  147  16:25  Stalker x2  
  151  16:39  Adept  
  153  16:40  Adept x3  
  159  16:52  Stalker x4  
  167  16:55  Observer (Chrono Boost)  
  154  17:20  Disruptor (Chrono Boost)  
  139  17:23  Robotics Facility  
  139  17:29  Adept x8  
  158  17:51  Disruptor (Chrono Boost)  
  159  18:08  Dark Shrine  
  131  18:22  Stalker x6  
  131  18:26  Observer (Chrono Boost)  
  143  18:27  Disruptor (Chrono Boost)  
  143  18:29  Nexus  
  146  18:38  Stalker x3  
  125  18:49  Stalker x3  
  91  18:58  Stalker x2  
Tags
 
Add a new tag
Caveats
  • Supply blocks, unpowered buildings, or Contaminate may cause inaccurate times.
  • Supply counts are checked every 10 seconds.